 Dungeon Crawl Stone Soup version 0.21-a0-504-g2eda33064f (webtiles) character file.

5326 Kaname the Destroyer (level 10, -2/63 HPs)
             Began as a Demonspawn Wizard on Nov 25, 2017.
             Was a Priest of Vehumet.
             Slain by an orc
             ... wielding a +3 hand axe of flaming
              (7 damage)
             ... on level 9 of the Dungeon.
             The game lasted 00:46:08 (9252 turns).

Kaname the Destroyer (Demonspawn Wizard)            Turns: 9252, Time: 00:46:09

Health: -2/63      AC:  3    Str:  7    XL:     10   Next: 38%
Magic:  12/17      EV: 12    Int: 22    God:    Vehumet [***...]
Gold:   433        SH:  0    Dex: 13    Spells: 5/19 levels left

rFire    + + .     SeeInvis .   D - +2 halberd (elec)
rCold    x . .     Gourm    .   (shield currently unavailable)
rNeg     + . .     Faith    .   G - +1 robe {rN+}
rPois    .         Spirit   .   b - +0 hat
rElec    .         Reflect  .   (no cloak)
rCorr    .         Harm     .   (no gloves)
MR       +....                  (no boots)
Stlth    +++.......             (no amulet)
HPRegen  0.20/turn              q - ring of fire
MPRegen  0.15/turn              p - ring of protection from magic

@: no status effects
A: talons 2, demonic guardian 1, fire resistance 1, powered by death 1
a: Renounce Religion


You were on level 9 of the Dungeon.
You worshipped Vehumet.
Vehumet was most pleased with you.
You were hungry.

You visited 2 branches of the dungeon, and saw 10 of its levels.
You also visited: Sewer and Bailey.

You collected 433 gold pieces.

Inventory:

Hand Weapons
 j - a +2 dagger of speed
 D - a +2 halberd of electrocution (weapon)
Armour
 b - a +0 hat (worn)
 G - a +1 robe of positive energy (worn)
Jewellery
 p - a ring of protection from magic (right hand)
 q - a ring of fire (left hand)
Wands
 A - a wand of polymorph (9)
 E - a wand of clouds (1)
Scrolls
 e - 2 scrolls of fog
 f - 4 scrolls of immolation
 h - 4 scrolls of amnesia
 i - 3 scrolls of fear
 k - 3 scrolls of teleportation
 r - a scroll of magic mapping
 t - 4 scrolls of enchant armour
 u - a scroll of blinking {unknown}
 x - a scroll of enchant weapon {unknown}
 y - a scroll of noise {unknown}
 z - 3 scrolls of random uselessness {unknown}
 B - a scroll of silence {unknown}
 C - a scroll of acquirement {unknown}
 L - a scroll of vulnerability {unknown}
Potions
 a - 2 potions of heal wounds
 c - 4 potions of lignification
 g - 5 potions of magic {unknown}
 m - 5 potions of berserk rage {unknown}
 n - a potion of ambrosia {unknown}
 o - 2 potions of might {unknown}
 s - 2 potions of brilliance {unknown}
 w - a potion of cancellation {unknown}
 F - a potion of haste
 J - 3 potions of flight {unknown}
 K - 8 potions of mutation {unknown}
Books
 v - a book of Flames

   Spells                             Type                      Level
   a - Flame Tongue                   Conjuration/Fire             1
   b - Throw Flame                    Conjuration/Fire             2
   c - Conjure Flame                  Conjuration/Fire             3
   d - Inner Flame                    Hexes/Fire                   3
   e - Sticky Flame                   Conjuration/Fire             4
   f - Fireball                       Conjuration/Fire             5
Comestibles
 d - 6 bread rations
 l - 12 fruits
 H - 12 royal jellies
 I - a meat ration
 M - 2 chunks of flesh


   Skills:
 - Level 6.3 Short Blades
 - Level 1.7 Dodging
 + Level 5.5 Stealth
 - Level 5.1 Spellcasting
 - Level 10.0 Conjurations
   Level 1.0 Summonings
 - Level 2.3 Translocations
 - Level 3.1 Fire Magic
 - Level 3.2 Air Magic
 - Level 2.2 Poison Magic


You had 5 spell levels left.
You knew the following spells:

 Your Spells              Type           Power        Failure   Level  Hunger
a - Magic Dart            Conj           ####         1%          1    None
b - Blink                 Tloc           N/A          5%          2    None
c - Mephitic Cloud        Conj/Pois/Air  ####....     1%          3    ##.....
d - Conjure Flame         Conj/Fire      ######..     1%          3    ##.....
e - Fireball              Conj/Fire      ######....   5%          5    #####..


Dungeon Overview and Level Annotations

Branches:
Dungeon (9/15)             Temple (1/1) D:6
   Lair: D:8-11         Orc: D:9-12

Altars:
Ashenzari
Cheibriados
Elyvilon
Hepliaklqana
Kikubaaqudgha
Makhleb
Okawaru
Qazlal
Ru
Sif Muna
Uskayaw
Vehumet
Xom
Yredelemnul
Zin

Shops:
D:6 (   D:8 [

Annotations:
D:8 Erica
D:9 Maurice


Innate Abilities, Weirdness & Mutations

You have razor-sharp toenails.
A weak demonic guardian rushes to your aid.
Your flesh is heat resistant. (rF+)
You regenerate a little health from kills.


Message History

Confirm with . or Enter, or press ? or * to list all spells.
Aiming: Magic Dart
Press: ? - help, Shift-Dir - straight line, f/p - orc
Aim: an orc, wielding a mace and wearing a ring mail (lightly wounded)
The magic dart hits the orc.
The orc is lightly wounded.
The orc hits you with a mace!
* * * LOW HITPOINT WARNING * * *
The orc misses you.
The orc hits you with a hand axe of flaming.
* * * LOW HITPOINT WARNING * * *
Casting: Magic Dart
Confirm with . or Enter, or press ? or * to list all spells.
Aiming: Magic Dart
Press: ? - help, Shift-Dir - straight line, f/p - orc
Aim: an orc, wielding a mace and wearing a ring mail The magic dart hits the orc.
The orc is almost dead.
The orc hits you with a hand axe of flaming!
You die...

.............#....######
.............#.........#
.............#....#....#
######.......#....#....#
#.......#....#....######
#.......#....#....#....#
#.......#....######....#
#.......#....#....#....#
#.......#..@o#....#....#
#.......#..oo#....#....#
#########....#....#....#
..#.........#....#
.............#....#
...................#
.................[.#
...................#
....#..............#


You could see 3 orcs.

Vanquished Creatures
  A skeletal warrior (D:9)
  An orc knight (Bailey)
  Pikel (D:6)
  2 hippogriffs
  Eustachio (D:5)
  A hungry ghost (D:7)
  A black bear (D:8)
  An orc warrior (D:6)
  2 slaves (D:6)
  3 ogres
  2 centaurs
  A crocodile (D:8)
  2 bullfrogs
  A scorpion (D:8)
  4 wights (D:6)
  3 howler monkeys
  3 crimson imps
  A bullfrog zombie (D:3)
  A bullfrog skeleton (D:8)
  A centaur skeleton (D:6)
  4 hounds
  A quasit (D:8)
  3 orc priests
  6 jellies
  An iguana (D:7)
  6 orc wizards
  4 worker ants
  A killer bee zombie (D:8)
  A hound skeleton (D:8)
  A howler monkey zombie (D:7)
  16 gnolls
  A howler monkey skeleton (D:6)
  15 adders
  A shadow imp (D:8)
  6 oozes
  3 worms (D:3)
  A dart slug (D:3)
  6 leopard geckos
  13 orcs
  7 giant cockroaches
  7 goblins
  15 hobgoblins
  8 jackals
  18 kobolds
  3 quokkas
  6 ball pythons
  4 bats
  12 frilled lizards
  3 rats (D:1)
206 creatures vanquished.

Vanquished Creatures (collateral kills)
  A two-headed ogre (D:9)
  A centaur skeleton (D:8)
  2 ogres
  A slave (D:6)
  A centaur (D:8)
  A phantom (D:9)
  2 bullfrogs
  3 howler monkeys
  A wight (D:6)
  An iguana (D:6)
  2 worker ants (D:6)
  A worm (D:6)
  3 jackals
  A kobold (Bailey)
21 creatures vanquished.

Vanquished Creatures (others)
  A slave (D:6)
  A human (D:4)
2 creatures vanquished.

Grand Total: 229 creatures vanquished

Notes
Turn   | Place    | Note
-------+----------+-------------------------------------------
     0 | D:1      | Kaname the Demonspawn Wizard began the quest for the Orb.
     0 | D:1      | Reached XP level 1. HP: 13/13 MP: 4/4
   249 | D:1      | Reached skill level 2 in Conjurations
   249 | D:1      | Gained mutation: A weak demonic guardian rushes to your aid. [demonic ancestry]
   249 | D:1      | Reached XP level 2. HP: 19/19 MP: 0/6
   310 | D:1      | Learned a level 2 spell: Blink
   901 | D:2      | Reached skill level 3 in Conjurations
   901 | D:2      | Gained mutation: You have sharp toenails. [demonic ancestry]
   901 | D:2      | Reached XP level 3. HP: 24/24 MP: 1/7
   961 | D:2      | Learned a level 3 spell: Mephitic Cloud
  1327 | D:2      | Reached skill level 4 in Conjurations
  1327 | D:2      | Reached XP level 4. HP: 30/30 MP: 3/8
  1336 | D:2      | Learned a level 3 spell: Conjure Flame
  1443 | D:2      | Found a glowing silver altar of Zin.
  1562 | D:2      | Reached skill level 1 in Air Magic
  1843 | D:3      | Reached skill level 1 in Poison Magic
  1881 | D:3      | Found a glowing drain.
  1954 | Sewer    | Entered a sewer
  2131 | Sewer    | Reached XP level 5. HP: 35/35 MP: 3/9
  2457 | D:3      | Gained mutation: You regenerate a little health from kills. [demonic ancestry]
  2457 | D:3      | Reached XP level 6. HP: 37/41 MP: 5/12
  2520 | D:3      | Reached skill level 1 in Fire Magic
  3436 | D:4      | Found an ancient bone altar of Kikubaaqudgha.
  3439 | D:4      | Noticed a human
  3440 | D:4      | Killed a human
  3462 | D:5      | Entered Level 5 of the Dungeon
  3495 | D:5      | Noticed Eustachio
  3533 | D:5      | Killed Eustachio
  3533 | D:5      | Reached skill level 5 in Conjurations
  3533 | D:5      | Reached XP level 7. HP: 45/46 MP: 3/13
  3735 | D:5      | Reached skill level 6 in Conjurations
  4169 | D:6      | Reached skill level 1 in Translocations
  4284 | D:6      | Found Paimamec's Weapon Shop.
  4356 | D:6      | Found a staircase to the Ecumenical Temple.
  4362 | Temple   | Entered the Ecumenical Temple
  4419 | Temple   | Became a worshipper of Vehumet
  4831 | D:6      | Reached skill level 7 in Conjurations
  4841 | D:6      | Reached XP level 8. HP: 49/52 MP: 1/14
  5059 | D:6      | Found an iron altar of Okawaru.
  5121 | D:6      | Noticed Pikel
  5147 | D:6      | Killed Pikel
  5147 | D:6      | Reached skill level 9 in Conjurations
  5519 | D:7      | Reached skill level 10 in Conjurations
  5523 | D:7      | Reached * piety under Vehumet
  5523 | D:7      | Offered knowledge of Sting by Vehumet.
  5699 | D:7      | Gained mutation: You have razor-sharp toenails. [demonic ancestry]
  5699 | D:7      | Reached XP level 9. HP: 57/57 MP: 4/15
  6077 | D:7      | Found a flagged portal.
  6113 | Bailey   | Entered a bailey
  6308 | Bailey   | Noticed an orc knight
  6315 | Bailey   | Reached ** piety under Vehumet
  6351 | Bailey   | Killed an orc knight
  6352 | Bailey   | Offered knowledge of Throw Flame by Vehumet.
  6951 | D:7      | Reached skill level 5 in Spellcasting
  7257 | D:8      | Found Peekuabe's Armour Boutique.
  7311 | D:8      | Offered knowledge of Inner Flame by Vehumet.
  7424 | D:8      | Reached skill level 5 in Short Blades
  7428 | D:8      | Noticed Erica
  7433 | D:9      | Noticed Maurice
  7433 | D:9      | Noticed a skeletal warrior
  7668 | D:8      | Reached *** piety under Vehumet
  7766 | D:8      | Gained mutation: Your flesh is heat resistant. (rF+) [demonic ancestry]
  7766 | D:8      | Reached XP level 10. HP: 15/63 MP: 10/17
  8301 | D:8      | Found Peekuabe's Armour Boutique.
  8587 | D:8      | Found Peekuabe's Armour Boutique.
  8732 | D:9      | Noticed a two-headed ogre
  8774 | D:9      | Killed a two-headed ogre
  9002 | D:9      | Killed a skeletal warrior
  9002 | D:9      | Reached skill level 5 in Stealth
  9111 | D:9      | Learned a level 5 spell: Fireball
  9252 | D:9      | Slain by an orc

Vault maps used:
D:1:      dpeg_cavernosity
D:2:      zin_academy
D:3:      cheibrodos_sewer_entry_bend
D:4:      first_bread, tgw_kikubaaqudgha
D:5:      uniq_eustachio
D:6:      okawaru_ov_weapons_minmay, minmay_temple_entry_enclosed_plants,
          serial_shops, nicolae_shop_behind_doors, uniq_pikel
D:7:      enter_bailey_7
D:8:      serial_shops, nicolae_shop_trees, hangedman_little_slice_of_home,
          kennysheep_dice, uniq_erica
D:9:      uniq_maurice
Temple:   regret_index_temple_chain_breaker
Sewer:    sewer_frog_island_01
Bailey:   bailey_axe_2, bailey

Skill      XL: |  1  2  3  4  5  6  7  8  9 10 |
---------------+-------------------------------+-----
Conjurations   | 2 3 4 5 7 10 | 10.0
Air Magic      | 1 2 3 |  3.2
Poison Magic   | 2 |  2.2
Spellcasting   | 4 5 |  5.1
Fire Magic     | 2 3 |  3.1
Translocations | 2 |  2.3
Short Blades   | 6 |  6.3
Stealth        | 5 |  5.5
Dodging        | |  1.7
Summonings     | |  1.0

Action                   |  1- 3 |  4- 6 |  7- 9 | 10-12 || total
-------------------------+-------+-------+-------+-------++-------
Melee: Dagger            |    16 |    88 |     6 |       ||   110
       Kick              |       |    22 |    26 |     3 ||    51
       Flail             |       |    20 |     3 |       ||    23
       War axe           |       |       |    93 |       ||    93
       Halberd           |       |       |    99 |    26 ||   125
 Cast: Magic Dart        |    63 |   121 |   267 |    52 ||   503
       Mephitic Cloud    |       |     1 |    14 |     1 ||    16
       Conjure Flame     |       |       |    20 |     2 ||    22
Evoke: Wand              |       |       |     3 |       ||     3
  Use: Scroll            |       |     7 |     3 |     1 ||    11
       Potion            |       |       |     1 |     2 ||     3
 Stab: Sleeping          |       |     1 |     1 |       ||     2
       Distracted        |       |       |     1 |       ||     1
       Confused          |       |       |     1 |       ||     1
  Eat: Chunk             |     1 |     4 |    15 |     5 ||    25
       Fruit             |       |     2 |     1 |       ||     3
Armor: Robe              |     6 |    21 |    27 |     3 ||    57
       Skin              |       |       |     1 |       ||     1
Dodge: Dodged            |     8 |    70 |   172 |    34 ||   284

Table legend:
 A = Spawn XP
 B = Non-spawn XP
 C = Spawn XP percentage of total XP
 D = Spawn monster count
 E = Non-spawn monster count
 F = Spawn count percentage of total count
 G = Total turns spent on level
                    A         B        C        D         E        F      G
               +---------+---------+-------+---------+---------+-------+---------
         Total |       0 |    7609 |   0.0 |       0 |     224 |   0.0 |  9252
               +---------+---------+-------+---------+---------+-------+---------
           D:1 |       0 |      33 |   0.0 |       0 |      17 |   0.0 |   895
           D:2 |       0 |     100 |   0.0 |       0 |      19 |   0.0 |   775
           D:3 |       0 |     164 |   0.0 |       0 |      27 |   0.0 |   933
           D:4 |       0 |     115 |   0.0 |       0 |       8 |   0.0 |   485
           D:5 |       0 |     293 |   0.0 |       0 |       4 |   0.0 |   679
           D:6 |       0 |    1679 |   0.0 |       0 |      33 |   0.0 |  1283
           D:7 |       0 |    1019 |   0.0 |       0 |      29 |   0.0 |  1117
           D:8 |       0 |    1376 |   0.0 |       0 |      24 |   0.0 |  1403
           D:9 |       0 |    1799 |   0.0 |       0 |       9 |   0.0 |   591
         Sewer |       0 |     202 |   0.0 |       0 |      20 |   0.0 |   374
        Bailey |       0 |     829 |   0.0 |       0 |      34 |   0.0 |   644
               +---------+---------+-------+---------+---------+-------+---------
